 Dungeon Crawl Stone Soup version 0.29.1-13-g9f3cf754e1 (webtiles) character file.

Game seed: 2532241805735205364

64 Oxelix the Firebug (level 3, -4/24 HPs)
             Began as a Demonspawn Fire Elementalist on Feb 11, 2023.
             Slain by a goblin
             ... wielding a +0 dagger
             ... led by Robin
              (5 damage)
             ... on level 2 of the Dungeon.
             The game lasted 00:04:49 (2015 turns).

Oxelix the Firebug (Demonspawn Fire Elementalist)   Turns: 2015, Time: 00:04:49

Health: -4/24      AC:  3    Str:  8    XL:     3   Next: 91%
Magic:  3/6        EV: 12    Int: 18    God:
Gold:   134        SH:  0    Dex: 13    Spells: 4/7 levels left

rFire   . . .      SeeInvis .   g - +0 hand axe
rCold   . . .      Faith    .   (no shield)
rNeg    . . .      Spirit   .   a - +0 robe
rPois   .          Reflect  .   (helmet restricted)
rElec   .          Harm     .   (no cloak)
rCorr   .          Rampage  .   (no gloves)
Will    .....                   d - +0 pair of boots
Stlth   ++........              (no amulet)
HPRegen 0.08/turn               (no ring)
MPRegen 0.10/turn               (no ring)

@: no status effects
A: antennae 1, powered by death 1
a: no special abilities


You were on level 2 of the Dungeon.
You visited 1 branch of the dungeon, and saw 2 of its levels.

You collected 134 gold pieces.

Inventory:

Hand Weapons
 g - a +0 hand axe (weapon)
Armour
 a - a +0 robe (worn)
 d - a +0 pair of boots (worn)
Scrolls
 c - a scroll of immolation {unknown}
 e - a scroll of fear {unknown}
 f - 2 scrolls of vulnerability {unknown}
 h - a scroll of amnesia {unknown}
 j - a scroll of butterflies {unknown}
Potions
 i - 4 potions of curing {unknown}
 k - a potion of haste {unknown}
 l - 2 potions of brilliance {unknown}
 m - a potion of degeneration {unknown}


   Skills:
 - Level 1.7 Dodging
 - Level 1.7 Stealth
 + Level 2.5 Spellcasting
 + Level 2.0 Conjurations
 * Level 3.6 Fire Magic


You had 4 spell levels left.
You knew the following spells:

 Your Spells              Type           Power      Damage    Failure   Level
a - Foxfire               Conj/Fire      48%        2x1d6     5%          1
b - Scorch                Fire           30%        2d7       5%          2

Your spell library contained the following spells:

 Spells                   Type           Power      Damage    Failure   Level
 Conjure Flame            Conj/Fire      12%        6-21      16%         3
 Inner Flame              Hex/Fire       8%         N/A       24%         3
 Confusing Touch          Hex            2%         N/A       45%         3
 Flame Wave               Conj/Fire      12%        2d6       45%         4
 Yara's Violent Unravell  Hex/Tmut       1%         3d3       99%         5
 Enfeeble                 Hex            1%         N/A       100%        7


Dungeon Overview and Level Annotations

Branches:
Dungeon (2/15)

Altars:
Xom

Shops:
D:1 (

Annotations:
D:2 Robin, Terence


Innate Abilities, Weirdness & Mutations

You have a pair of small antennae on your head.
You regenerate a little health from kills.


Message History

The giant cockroach bites you but does no damage.
You barely miss the giant cockroach.
The giant cockroach is moderately wounded.
You hit the goblin.
You kill the goblin!
Robin throws the goblin at you! The goblin hits you with a +0 club.
The giant cockroach bites you but does no damage.
You hit the goblin.
The goblin is moderately wounded.
You barely miss the giant cockroach. The giant cockroach misses you.
The goblin hits you with a +0 club. Robin throws the goblin at you!
The goblin hits you with a +0 dagger.
The giant cockroach bites you but does no damage.
The goblin closely misses you. x2
You closely miss the goblin. You barely miss the goblin.
You hit the giant cockroach but do no damage.
The giant cockroach barely misses you. The goblin barely misses you. x2
Magic courses through your body. The giant cockroach bites you.
* * * LOW HITPOINT WARNING * * *
The goblin closely misses you. The goblin hits you but does no damage.
The goblin hits you with a +0 dagger.
* * * LOW HITPOINT WARNING * * *
The giant cockroach bites you but does no damage.
Casting: Foxfire (safe; 5% risk of failure)
Confirm with . or Enter, or press ? or * to list all spells.
Flames lash Robin.
Robin is severely wounded.
Robin's fire resistance burns away.
The goblin hits you with a +0 club.
* * * LOW HITPOINT WARNING * * *
The goblin hits you but does no damage. The goblin hits you with a +0 dagger.
* * * LOW HITPOINT WARNING * * *
The giant cockroach bites you but does no damage.
Casting: Scorch (safe; 5% risk of failure)
Confirm with . or Enter, or press ? or * to list all spells.
Flames lash the goblin.
The goblin is heavily wounded.
The goblin's fire resistance burns away.
The goblin barely misses you. x2; The giant cockroach closely misses you.
The goblin hits you with a +0 dagger.
You die...

.. .# #.# ..... #. .#
#.# .#### #.##.# # #.#
.)#.##.# #.#
.#####))..#.# #.##.#
........$...# #.##.####
#g)..# #.##.##..
.######B#.## #.##.##.#
......g@gg# #.##.##.#
#######g### #.##.##.#
.......[.#######.##.##.#
#######.......÷..##.##..
#.########.##.....
#.................
##########.††.....
#.##.#.## #.##.#.##


You could see Robin (combustible), a giant cockroach and 4 goblins.

Vanquished Creatures
  An adder (D:2)
  An adder zombie (D:2)
  2 adder skeletons (D:2)
  A worm (D:2)
  A dart slug (D:2)
  3 ball pythons
  3 bats
  5 endoplasms (D:2)
  3 giant cockroaches
  7 goblins (D:2)
  A hobgoblin (D:2)
  3 jackals (D:1)
  A quokka (D:2)
  A ball python skeleton (D:2)
  A frilled lizard (D:1)
  2 kobolds (D:1)
  A rat (D:2)
  A bush (D:1)
38 creatures vanquished.

Vanquished Creatures (others)
  94 foxfires
  4 plants (D:1)
  A withered plant (D:2)
99 creatures vanquished.

Grand Total: 137 creatures vanquished

Notes
Turn   | Place    | Note
-------+----------+-------------------------------------------
     0 | D:1      | Oxelix the Demonspawn Fire Elementalist began the quest for
                  | the Orb.
     0 | D:1      | Reached XP level 1. HP: 13/13 MP: 3/3
    62 | D:1      | Found a faded altar of an unknown god.
    63 | D:1      | Noticed a floating eye
    67 | D:1      | Noticed a shining eye
    67 | D:1      | Noticed a great orb of eyes
    67 | D:1      | Noticed a great orb of eyes
   231 | D:1      | Reached skill level 3 in Fire Magic
   319 | D:1      | Found Dimyd's Antique Weapon Shop.
   330 | D:1      | Gained mutation: You regenerate a little health from kills.
                  | [demonic ancestry]
   330 | D:1      | Reached XP level 2. HP: 19/19 MP: 1/5
  1016 | D:1      | Learned a level 2 spell: Scorch
  1088 | D:2      | Found a shimmering altar of Xom.
  1234 | D:2      | Noticed Terence
  1726 | D:2      | Gained mutation: You have a pair of small antennae on your
                  | head. [demonic ancestry]
  1726 | D:2      | Reached XP level 3. HP: 24/24 MP: 3/6
  1996 | D:2      | Noticed Robin
  2014 | D:2      | HP: 1/24 [goblin/+0 dagger[Robin] (2)]
  2015 | D:2      | Slain by a goblin

Illustrated notes

Levels and vault maps discovered:
D:1:      noname_arrival_rooms_in_the_neighbourhood, layout_rooms, serial_shops,
          shop, hellmonk_ecumenical_altar_watching_god, serial_forest,
          infiniplex_forest_clump_cross, infiniplex_forest_end_3,
          infiniplex_forest_straight_1, infiniplex_forest_zigzag_1,
          infiniplex_forest_end_2, infiniplex_forest_clump_diagonal,
          infiniplex_forest_end_2
D:2:      layout_loops_ring, serial_undead, serial_undead_d, serial_undead_d,
          serial_undead_c, serial_undead_e, basic_altar, uniq_terence,
          uniq_robin

Skill      XL: |  1  2  3 |
---------------+----------+-----
Fire Magic     | 3 |  3.6
Conjurations   | 2 |  2.0
Dodging        | |  1.7
Stealth        | |  1.7
Spellcasting   | |  2.5

Action                   || total
-------------------------++-------
Melee: Hand axe          ||   293
       Punch             ||     4
 Cast: Foxfire           ||    55
       Scorch            ||     2
  Use: Potion            ||     1
Armor: Robe              ||    33
Dodge: Dodged            ||    62
